 Dungeon Crawl Stone Soup version 0.30-a0-1043-g60ff8d5f49 (webtiles) character file.

Game seed: 4733095945781010616

66676 CowFu the Convoker (level 14, -6/111 HPs)
             Began as a Grey Draconian Summoner on Apr 5, 2023.
             Was the Champion of Fedhas.
             Mangled by a reaper
             ... wielding a +0 scythe of freezing
              (19 damage)
             ... in an ice cave on Apr 9, 2023.
             The game lasted 01:21:45 (27771 turns).

CowFu the Convoker (Grey Draconian Summoner)       Turns: 27771, Time: 01:21:45

Health: -6/111     AC: 22    Str: 11    XL:     14   Next: 80%
Magic:  14/25      EV: 18    Int: 24    God:    Fedhas [******]
Gold:   695        SH:  0    Dex: 12    Spells: 18/28 levels left

rFire   . . .      SeeInvis +    M - +1 demon trident (elec)
rCold   + . .      Faith    .    S - +1 buckler {rC+}
rNeg    . . .      Spirit   .    (body armour unavailable)
rPois   +          Reflect  .    R - +2 hat {SInv}
rElec   .          Rampage  .    e - +2 cloak
rCorr   .                        A - +0 pair of gloves
Will    +....                    c - +2 pair of boots "Gaobimag" {Int+4}
Stlth   +                        G - amulet of the acrobat
HPRegen 0.38/turn                p - +5 ring of evasion
MPRegen 0.19/turn                k - ring of poison resistance

@: confused, ambrosia-drunk
A: AC +13, amphibious, unfitting armour, cold-blooded
a: Renounce Religion, Wall of Briars, Grow Ballistomycete, Overgrow, Grow Oklob


You were in an ice cave.
You worshipped Fedhas.
Fedhas was exalted by your worship.
You visited 3 branches of the dungeon, and saw 21 of its levels.
You also visited: Ice Cave.

You collected 1895 gold pieces.
You spent 1200 gold pieces at shops.

Inventory:

Hand Weapons
 d - a +4 halberd
 r - a +0 spear
 s - a +3 dagger of venom
 E - a +2 glaive of pain
 K - a +0 halberd of protection
 M - a +1 demon trident of electrocution (weapon)
Missiles
 H - a throwing net
Armour
 c - the +2 pair of boots "Gaobimag" (worn) {Int+4}
   (You acquired it on level 4 of the Dungeon)

   Int:       It affects your intelligence (+4).
 e - a +2 cloak (worn)
 A - a +0 pair of gloves (worn)
 C - an orb of energy
 N - a +0 tower shield
 R - a +2 hat of see invisible (worn)
 S - a +1 buckler of cold resistance (worn)
Jewellery
 f - a ring of resist corrosion
 k - a ring of poison resistance (right hand)
 p - a +5 ring of evasion (left hand)
 G - an amulet of the acrobat (around neck)
Wands
 h - a wand of iceblast (5)
 i - a wand of charming (23)
 n - a wand of flame (52)
 B - a wand of mindburst (15)
 L - a wand of light (9)
 P - a wand of polymorph (5)
Scrolls
 b - 7 scrolls of blinking
 g - a scroll of amnesia
 q - 11 scrolls of teleportation
 w - 3 scrolls of poison
 y - 4 scrolls of magic mapping
 I - 8 scrolls of identify
 J - 3 scrolls of fog
Potions
 a - 4 potions of magic
 j - 7 potions of might
 l - 3 potions of brilliance
 m - 2 potions of flight
 o - 2 potions of invisibility
 t - a potion of curing
 u - 3 potions of mutation
 v - 2 potions of cancellation
 x - 3 potions of lignification
 z - 9 potions of degeneration
 D - 3 potions of resistance
 F - 3 potions of haste
Miscellaneous
 Q - a piece from Xom's chessboard (15/15)


   Skills:
 - Level 6.7 Fighting
 - Level 16.0 Polearms
 - Level 5.8 Dodging
 - Level 1.7 Stealth
 + Level 7.5 Spellcasting
 + Level 17.4 Summonings
 - Level 4.0 Air Magic
 + Level 6.8 Invocations
 + Level 6.2 Evocations


You had 18 spell levels left.
You knew the following spells:

 Your Spells              Type           Power      Damage    Failure   Level
a - Summon Small Mammal   Summ           100%       N/A       0%          1
b - Call Imp              Summ           100%       N/A       0%          2
c - Call Canine Familiar  Summ           75%        N/A       1%          3
d - Summon Lightning Spi  Summ/Air       57%        N/A       1%          4

Your spell library contained the following spells:

 Spells                   Type           Power      Damage    Failure   Level
 Summon Guardian Golem    Hex/Summ       50%        N/A       1%          3
 Swiftness                Air            28%        N/A       5%          3
 Cigotuvi's Dreadful Rot  Necr/Pois/Air  30%        N/A       9%          2
 Blink                    Tloc           18%        N/A       14%         2
 Ensorcelled Hibernation  Hex/Ice        18%        N/A       14%         2
 Lesser Beckoning         Tloc           18%        N/A       14%         2
 Momentum Strike          Conj/Tloc      18%        3d8       14%         2
 Passwall                 Tmut/Erth      7%         N/A       14%         2
 Dazzling Flash           Conj/Hex       18%        N/A       28%         3
 Hailstorm                Conj/Ice       9%         3d4       28%         3
 Volatile Blastmotes      Fire/Tloc      18%        2d11      28%         3
 Cause Fear               Hex            4%         N/A       67%         4
 Dispel Undead            Necr           9%         3d8       67%         4
 Ice Form                 Ice/Tmut       9%         N/A       67%         4
 Iskenderun's Mystic Bla  Conj/Tloc      9%         2d4       67%         4
 Silence                  Hex/Air        9%         N/A       75%         5
 Agony                    Necr           9%         N/A       95%         5
 Blade Hands              Tmut           4%         N/A       95%         5
 Conjure Ball Lightning   Conj/Air       9%         3x3d6     99%         6
 Death Channel            Necr           4%         N/A       100%        6
 Iron Shot                Conj/Erth      4%         9d2       100%        6
 Simulacrum               Ice/Necr       4%         N/A       100%        6
 Starburst                Conj/Fire      4%         6d4       100%        6
 Dragon Form              Tmut           4%         N/A       100%        7
 Discord                  Hex            4%         N/A       100%        8
 Disjunction              Tloc           4%         N/A       100%        8
 Dragon's Call            Summ           37%        N/A       100%        9
 Animate Armour           Summ/Erth      Unusable   N/A       N/A         4

Dungeon Overview and Level Annotations

Branches:
Dungeon (15/15)            Temple (1/1) D:6            Lair (5/5) D:11
  Swamp (0/4) Lair:3        Snake (0/4) Lair:3        Slime (0/5) Lair:5
    Orc (0/2) D:10         Vaults (0/5) D:14          IceCv (1/1)
 Depths: D:15

Altars:
Ashenzari
Cheibriados
Dithmenos
Elyvilon
Fedhas
Gozag
Hepliaklqana
Kikubaaqudgha
Makhleb
Nemelex Xobeh
Okawaru
Qazlal
Ru
Sif Muna
Trog
Uskayaw
Vehumet
Wu Jian
Xom
Yredelemnul
Zin
The Shining One
Jiyva

Shops:
D:10 :   D:14 :

Annotations:
D:10 KidAlby's ghost, journeyman DsBe


Innate Abilities, Weirdness & Mutations

Your dull iron-grey scales are very hard. (AC +13)
You are amphibious.
You cannot fit into any form of body armour.
You are cold-blooded and may be slowed by cold attacks.


Message History

Your cerulean imp hits the reaper but does no damage.
Your warg bites the reaper.
Your quokka closely misses the reaper.
Reach: M) +1 demon trident (elec)
Press: ? - help, Dir - move target, f/p - reaper
Aim: a reaper, wielding a +0 scythe of freezing, wearing a +2 robe of cold resistance and wearing a ring of ice (heavily wounded, ally target, about 31% to evade your +1 demon trident of electrocution)
You reach to attack!
You barely miss the reaper.
The reaper is heavily wounded.
The reaper hits you from afar with a +0 scythe of freezing!!
The reaper freezes you.
Your quokka closely misses the reaper.
Your warg barely misses the reaper.
Reach: M) +1 demon trident (elec)
Press: ? - help, Dir - move target, f/p - reaper
Aim: a reaper, wielding a +0 scythe of freezing, wearing a +2 robe of cold resistance and wearing a ring of ice (heavily wounded, ally target, about 31% to evade your +1 demon trident of electrocution)
You reach to attack!
You closely miss the reaper.
The reaper is heavily wounded.
Your quokka misses the reaper.
Your cerulean imp hits the reaper but does no damage.
The reaper hits you from afar with a +0 scythe of freezing!!
* * * LOW HITPOINT WARNING * * *
The reaper freezes you.
* * * LOW HITPOINT WARNING * * *
Your quokka barely misses the reaper.
Reach: M) +1 demon trident (elec)
Press: ? - help, Dir - move target, f/p - reaper
Aim: a reaper, wielding a +0 scythe of freezing, wearing a +2 robe of cold resistance and wearing a ring of ice (heavily wounded, ally target, about 31% to evade your +1 demon trident of electrocution)
Okay, then.
You feel better.
Your warg barely misses the reaper.
Your quokka barely misses the reaper.
Your cerulean imp barely misses the reaper.
Your quokka closely misses the reaper.
Your warg barely misses the reaper.
The reaper completely misses you.
You are confused.
You feel invigorated.
Your quokka bites the reaper but does no damage.
Your warg bites the reaper but does no damage.
Your cerulean imp hits the reaper but does no damage.
Your quokka bites the reaper but does no damage. x2
The reaper hits you from afar with a +0 scythe of freezing!!
You die...
Fedhas appreciates your contribution to the ecosystem.

##2### ## .....###
#§##.§..☼.###
§§☼.§#...§°####
###§§§§#...☼.#○.###
..###○§#..###☼....##
.....§○#....☼°2r...##
...##......##.hr....#
.###......##§°85@..##
.#..☼☼○°..#☼○○....##
...##☼○####☼§○☼..##
....##☼○○§○○○°.###
##....§§☼☼°§.###
####..§.☼°○##
######§○.### ##
###○..##
.############...##


You could see a reaper (ally target), a friendly warg (summoned), a friendly
lightning spire (summoned), a friendly cerulean imp (summoned) and 2 friendly
quokkas.

Vanquished Creatures
  A vault guard (D:13)
  A hydra (Lair:3)
  A centaur warrior (D:14)
  A boulder beetle (Lair:4)
  3 death yaks
  Amaemon (D:11)
  A fire crab (Lair:3)
  A lindwurm (Lair:4)
  2 manticores
  Joseph (D:9)
  2 ice statues (IceCv)
  3 elephants (Lair:4)
  4 cane toads
  A molten gargoyle (D:13)
  A kobold demonologist (D:14)
  A freezing wraith (IceCv)
  4 ice devils
  7 rime drakes (Lair:3)
  4 komodo dragons (Lair:4)
  An efreet (D:13)
  A troll (D:12)
  A polar bear (Lair:4)
  7 blink frogs
  2 hornets
  4 dream sheep
  5 slime creatures
  A centaur simulacrum (D:14)
  2 water elementals (D:13)
  2 wraiths (Lair:4)
  2 wyverns (Lair:3)
  2 vampire mosquitoes (D:13)
  4 humans (D:14)
  A basilisk (Lair:5)
  2 death yak simulacra (IceCv)
  4 steam dragons
  7 yaks
  A harpy simulacrum (IceCv)
  A swamp worm (Lair:3)
  2 acid dragons
  12 water moccasins
  3 orc warriors
  An ice beast (D:7)
  A black bear (D:6)
  2 wolves (Lair:3)
  2 ogres (D:11)
  2 centaurs
  3 kobold brigands
  A bullfrog (Lair:4)
  2 cane toad simulacra (IceCv)
  2 two-headed ogre simulacra (IceCv)
  3 wights
  2 killer bees (D:8)
  2 howler monkeys
  2 electric eels (D:13)
  A lava snake (Lair:3)
  2 jellies
  2 orc priests
  2 gnoll boudas
  2 hounds
  3 hell rats (Lair:2)
  2 polar bear simulacra (IceCv)
  2 adders
  10 gnolls
  A shadow imp (D:6)
  A dart slug (D:4)
  9 orcs
  2 ball pythons (D:1)
  3 bats
  A giant cockroach (D:4)
  4 goblins
  3 hobgoblins (D:1)
  2 quokkas
  A frilled lizard (D:2)
  8 kobolds
  A rat (D:2)
194 creatures vanquished.

Vanquished Creatures (collateral kills)
  Louise (D:15)
  Josephine (Lair:4)
  8 hydras
  A vault guard (D:14)
  A two-headed ogre (D:13)
  2 death yaks (Lair:3)
  2 boulder beetles
  Urug (D:11)
  The ghost of DeathPants the Trooper, a novice VSMo (D:8)
  Lodul (D:11)
  2 skysharks
  A glowing orange brain (D:10)
  A lindwurm (Lair:4)
  3 ugly things
  A manticore (D:14)
  3 cyclopes
  A salamander (Lair:3)
  A black mamba (Lair:1)
  2 elephants (Lair:4)
  2 cane toads
  An orange demon (D:11)
  An unseen horror (D:11)
  An efreet (D:13)
  2 kobold demonologists
  3 komodo dragons
  12 rime drakes
  5 ice devils
  2 trolls
  A queen bee (shapeshifter) (D:15)
  A polar bear (Lair:3)
  A tyrant leech (Lair:3)
  Grinder (D:5)
  A hornet (D:9)
  6 dream sheep
  8 blink frogs
  7 slime creatures
  4 vampires
  2 shadows
  Sigmund (D:6)
  2 wraiths
  4 humans (D:14)
  18 yaks
  2 wyverns
  3 steam dragons
  A basilisk (D:15)
  6 vampire mosquitoes
  4 swamp worms (Lair:3)
  7 water moccasins
  4 orc warriors
  4 wolves (Lair:3)
  4 ogres (D:11)
  3 centaurs
  2 phantoms (D:5)
  2 kobold brigands
  9 bullfrogs
  2 gnoll sergeants
  A scorpion (D:6)
  3 two-headed ogre simulacra (IceCv)
  7 wights
  4 killer bees (D:8)
  4 electric eels
  A lava snake (Lair:3)
  3 hounds
  A jelly (D:10)
  2 orc priests (D:9)
  2 iguanas
  Terence (D:2)
  13 orc wizards
  4 hell rats (Lair:2)
  4 troll simulacra (IceCv)
  A wolf simulacrum (IceCv)
  19 gnolls
  3 adders
  2 naga simulacra (IceCv)
  2 white imps
  An ufetubus (IceCv)
  A worm (D:2)
  35 orcs
  A bat (D:3)
  2 endoplasms
  4 giant cockroaches
  A hobgoblin (D:4)
  2 kobolds
  5 quokkas
  3 ball pythons
  A frilled lizard (D:3)
  2 goblins (D:3)
  3 rats
311 creatures vanquished.

Vanquished Creatures (others)
  A vault guard (D:14)
  A human (D:14)
  An electric eel (D:13)
  13 fungi
  18 plants
  2 withered plants (D:8)
36 creatures vanquished.

Grand Total: 541 creatures vanquished

Notes
Turn   | Place    | Note
-------+----------+-------------------------------------------
     0 | D:1      | CowFu the Draconian Summoner began the quest for the Orb.
     0 | D:1      | Reached XP level 1. HP: 14/14 MP: 3/3
   178 | D:1      | Reached XP level 2. HP: 17/20 MP: 1/5
   191 | D:1      | Learned a level 2 spell: Call Imp
   783 | D:2      | Reached skill level 5 in Summonings
   783 | D:2      | Reached XP level 3. HP: 24/26 MP: 3/6
  1028 | D:2      | Noticed Terence
  1064 | D:2      | Killed Terence
  1283 | D:2      | Reached XP level 4. HP: 33/33 MP: 3/7
  1477 | D:2      | Learned a level 3 spell: Call Canine Familiar
  1924 | D:3      | Found a basalt altar of Yredelemnul.
  2190 | D:3      | Reached skill level 6 in Summonings
  2369 | D:3      | Found a faded altar of an unknown god.
  2678 | D:3      | Reached XP level 5. HP: 28/38 MP: 4/8
  2834 | D:4      | Identified a scroll of acquirement
  2834 | D:4      | Acquired the +2 pair of boots "Gaobimag" {Int+4}
  3180 | D:4      | Reached skill level 7 in Summonings
  3546 | D:5      | Entered Level 5 of the Dungeon
  3555 | D:5      | Reached XP level 6. HP: 41/45 MP: 2/9
  3710 | D:5      | Noticed Grinder
  3734 | D:5      | Killed Grinder
  3735 | D:5      | Reached skill level 8 in Summonings
  3735 | D:5      | Your scales start taking on a dull iron-grey colour.
  3735 | D:5      | Reached XP level 7. HP: 16/50 MP: 10/10
  3896 | D:5      | Reached skill level 9 in Summonings
  4255 | D:6      | Noticed a steam dragon
  4276 | D:6      | Killed a steam dragon
  4277 | D:6      | Reached skill level 10 in Summonings
  4304 | D:5      | Reached XP level 8. HP: 26/47 MP: 1/11
  4740 | D:6      | Reached skill level 11 in Summonings
  4863 | D:6      | Learned a level 4 spell: Summon Lightning Spire
  5027 | D:6      | Found a staircase to the Ecumenical Temple.
  5052 | Temple   | Entered the Ecumenical Temple
  5167 | Temple   | Became a worshipper of Fedhas Madash
  5385 | D:6      | Noticed Sigmund
  5402 | D:6      | Killed Sigmund
  5403 | D:6      | Reached skill level 1 in Fighting
  5403 | D:6      | Reached skill level 1 in Polearms
  5412 | D:6      | Found a hazy altar of Hepliaklqana.
  5413 | D:6      | Found a faded altar of an unknown god.
  5576 | D:7      | Reached skill level 1 in Air Magic
  5775 | D:7      | Reached XP level 9. HP: 67/67 MP: 7/12
  5841 | D:7      | Found a glowing golden altar of the Shining One.
  6074 | D:7      | Found a shadowy altar of Dithmenos.
  6424 | D:7      | Found a shimmering altar of Xom.
  6733 | D:8      | Reached * piety under Fedhas
  6748 | D:8      | Reached skill level 12 in Summonings
  7247 | D:8      | Reached ** piety under Fedhas
  7249 | D:8      | Reached XP level 10. HP: 64/80 MP: 1/13
  7604 | D:8      | Found a runed translucent door.
  7604 | D:8      | Noticed DeathPants's ghost (novice VSMo)
  7736 | D:8      | Killed DeathPants's ghost
  7737 | D:8      | Reached skill level 5 in Fighting
  7876 | D:9      | Reached skill level 5 in Polearms
  7876 | D:9      | Reached skill level 5 in Dodging
  8016 | D:9      | Noticed Joseph
  8024 | D:9      | Killed Joseph
  8025 | D:9      | Reached skill level 1 in Invocations
  8146 | D:9      | Reached skill level 1 in Evocations
  8676 | D:9      | Found a white marble altar of Elyvilon.
  9209 | D:9      | Reached *** piety under Fedhas
  9563 | D:10     | Entered Level 10 of the Dungeon
  9642 | D:10     | Reached XP level 11. HP: 69/91 MP: 5/14
 10224 | D:10     | Found a runed translucent gate.
 10224 | D:10     | Found a runed translucent gate.
 10224 | D:10     | Found a runed translucent gate.
 10224 | D:10     | Noticed a glowing orange brain
 10225 | D:10     | Noticed KidAlby's ghost (journeyman DsBe)
 10236 | D:10     | Found Saugg's Book Emporium.
 10292 | D:10     | Found a staircase to the Orcish Mines.
 10896 | D:10     | Found a viscous altar of Jiyva.
 10899 | D:10     | Upgraded the game from 0.30-a0-1008-g30c9307041 to
                  | 0.30-a0-1016-gfb0d676c02
 10935 | D:11     | Noticed a brown ugly thing
 10959 | D:11     | Killed a brown ugly thing
 11206 | D:11     | Noticed Amaemon
 11217 | D:11     | Reached skill level 13 in Summonings
 11242 | D:11     | Killed Amaemon
 11358 | D:11     | Reached **** piety under Fedhas
 11438 | D:11     | Noticed Urug
 11451 | D:11     | Killed Urug
 11705 | D:11     | Found a staircase to the Lair.
 11954 | D:11     | Reached skill level 14 in Summonings
 11995 | D:11     | Noticed Lodul
 12005 | D:11     | Killed Lodul
 13022 | D:12     | Reached skill level 15 in Summonings
 13548 | D:12     | Upgraded the game from 0.30-a0-1016-gfb0d676c02 to
                  | 0.30-a0-1035-g38d5fb2972
 13587 | D:13     | Reached XP level 12. HP: 51/97 MP: 0/15
 14104 | D:13     | Noticed a two-headed ogre
 14121 | D:13     | Killed a two-headed ogre
 14238 | D:10     | Bought a manual of Polearms for 1200 gold pieces
 14319 | D:10     | Noticed a two-headed ogre
 15167 | D:13     | Reached skill level 10 in Polearms
 16093 | D:14     | Noticed an eight-headed hydra
 16101 | D:14     | Killed an eight-headed hydra
 16132 | D:14     | Killed a vault guard
 16382 | D:14     | Found a sparkling altar of Nemelex Xobeh.
 16584 | D:14     | Reached ***** piety under Fedhas
 16602 | D:14     | Found Lishigep's Book Shop.
 16828 | D:14     | Noticed a four-headed hydra
 16838 | D:14     | Killed a four-headed hydra
 17023 | D:14     | Noticed a vault guard
 17027 | D:14     | Noticed a vault guard
 17248 | D:13     | Killed a vault guard
 17390 | D:14     | Killed a vault guard
 17623 | D:14     | Found a gate to the Vaults.
 17657 | D:14     | Upgraded the game from 0.30-a0-1035-g38d5fb2972 to
                  | 0.30-a0-1043-g60ff8d5f49
 17784 | D:14     | Noticed a centaur warrior
 17801 | D:14     | Killed a centaur warrior
 18115 | D:15     | Entered Level 15 of the Dungeon
 18115 | D:15     | Noticed Louise
 18115 | D:15     | Noticed a six-headed hydra
 18248 | D:15     | Killed a six-headed hydra
 18249 | D:15     | Reached XP level 13. HP: 104/104 MP: 1/16
 18414 | D:15     | Killed Louise
 18445 | D:14     | Reached skill level 15 in Polearms
 18801 | Lair:1   | Entered Level 1 of the Lair of Beasts
 20147 | Lair:2   | Identified the +3 long sword of Zejerama {freeze, rC+
                  | Str+6}
 20996 | Lair:3   | Reached skill level 16 in Summonings
 21259 | Lair:3   | Reached ****** piety under Fedhas
 21294 | Lair:3   | Reached skill level 5 in Spellcasting
 22046 | Lair:3   | Found a staircase to the Snake Pit.
 22391 | Lair:3   | Found a staircase to the Swamp.
 22897 | Lair:3   | Reached XP level 14. HP: 85/111 MP: 11/22
 23356 | Lair:4   | Noticed Josephine
 23377 | Lair:4   | Killed Josephine
 23914 | Lair:4   | Reached skill level 5 in Invocations
 24187 | Lair:3   | Reached skill level 17 in Summonings
 24629 | Lair:4   | Reached skill level 5 in Evocations
 25715 | Lair:4   | Identified the +7 glaive "Yngyketz" {antimagic, *Rage rN+
                  | Dex+3}
 25900 | Lair:5   | Entered Level 5 of the Lair of Beasts
 25914 | Lair:5   | Found a staircase to the Slime Pits.
 25989 | Lair:5   | Found a frozen archway.
 26021 | IceCv    | Entered an ice cave
 27721 | IceCv    | Noticed a reaper
 27769 | IceCv    | HP: 5/111 [reaper/+0 scythe of freezing (31)]
 27771 | IceCv    | Mangled by a reaper

Illustrated notes

Levels and vault maps discovered:
D:1:      wheals_arrival_shading, layout_basic, serial_forest,
          infiniplex_forest_lined_3_way, infiniplex_forest_lined_4_way,
          infiniplex_forest_clump_double, infiniplex_forest_lined_room_,
          infiniplex_forest_straight_2, infiniplex_forest_clump_curved,
          infiniplex_forest_lined_1, infiniplex_forest_clump_C
D:2:      minmay_alternating_diamond, layout_basic, kennysheep_generic_room_6,
          uniq_terence
D:3:      layout_loops_ring, general_overflow_altar,
          shapermc_ecumenical_altar_petra
D:4:      layout_basic, minmay_misc_feat_pillars, minmay_fractal_squares_5
D:5:      layout_rooms, uniq_grinder
D:6:      layout_cave_pools, beargit_hepliaklqana_dungeon_heroes,
          minmay_temple_entry_tees
D:7:      layout_basic, lemuel_coloured_pillars_altar,
          mainiacjoe_overflow_big_doors, dreamdust_gnoll_farm
D:8:      layout_basic, gammafunk_ghost_grave
D:9:      layout_basic, nicolae_overflow_hidden_temple, hive_lemuel, uniq_joseph
D:10:     layout_irregular_city, david_orc_4, serial_shops,
          kennysheep_little_box, gammafunk_ghost_ooze
D:11:     layout_long_grid, lair_entry_dummy, blue_anna_alchemist, uniq_amaemon,
          uniq_urug, uniq_lodul
D:12:     layout_roguey
D:13:     layout_basic
D:14:     layout_basic, ximxim_vaults_locker_room, nemelex_diamond_rough_becter,
          serial_shops, nicolae_diamond_shop
D:15:     grunt_enter_depths_giant_problem, layout_cave_pools,
          serial_bayou_pond_e, nicolae_blasting_shop, uniq_louise, uniq_kirke
Temple:   lightli_temple_of_artemis
Lair:1:   layout_chaotic_city, grunt_megastairs_1
Lair:2:   layout_hall_layers, lemuel_fruit_tree, serial_bayou_shore_a
Lair:3:   layout_long_grid, palyth_hydra_swamp_entry,
          nicolae_snake_entry_warm_welcome, bobbens_dragon_lair_wall
Lair:4:   nzn_winding_woodlands_stair_cross
          [nzn_winding_woodlands_5x15_split_checker,
          nzn_winding_woodlands_center_lodge, nzn_winding_woodlands_5x15_twine,
          nzn_winding_woodlands_5x5_three, nzn_winding_woodlands_hourglass,
          nzn_winding_woodlands_5x15_sawtooth,
          nzn_winding_woodlands_center_triple_pond,
          nzn_winding_woodlands_5x15_pockets], layout_regular_city,
          uniq_josephine
Lair:5:   guppyfry_lair_end_dragon, layout_hall_layers, wormcave, slime_entry_1,
          portal_ice_cave_demonic_guard
IceCv:    ice_cave_small_demon

Skill      XL: |  1  2  3  4  5  6  7  8  9 10 11 12 13 14 |
---------------+-------------------------------------------+-----
Summonings     | 5 6 7 8 10 11 12 15 16 17 | 17.4
Fighting       | 1 4 6 |  6.7
Polearms       | 1 4 5 6 14 16 | 16.0
Dodging        | 2 4 5 |  5.8
Air Magic      | 1 3 4 |  4.0
Invocations    | 2 3 6 |  6.8
Evocations     | 2 3 6 |  6.2
Spellcasting   | 5 7 |  7.5
Stealth        | |  1.7

Action                     |  1- 3 |  4- 6 |  7- 9 | 10-12 | 13-15 || total
---------------------------+-------+-------+-------+-------+-------++-------
  Melee: Dagger            |    87 |   150 |    54 |       |       ||   291
         Unarmed           |     3 |       |       |       |       ||     3
         Tailslap          |    10 |    25 |    17 |    34 |    67 ||   153
         Punch             |     1 |     4 |       |       |       ||     5
         Halberd           |       |       |   112 |   326 |   479 ||   917
         Demon trident     |       |       |       |       |    24 ||    24
   Cast: Summon Small Mamm |    26 |    21 |    29 |   102 |    95 ||   273
         Call Imp          |     3 |    12 |    20 |    60 |    70 ||   165
         Call Canine Famil |       |     7 |    20 |    70 |    83 ||   180
         Summon Lightning  |       |       |    13 |    76 |    85 ||   174
  Evoke: Wand              |       |       |       |     5 |    14 ||    19
    Use: Scroll            |       |    14 |     5 |    10 |     7 ||    36
         Potion            |       |       |     3 |     2 |    10 ||    15
   Stab: Sleeping          |     1 |     1 |     1 |     1 |       ||     4
         Distracted        |       |       |     2 |     7 |    18 ||    27
 Armour: Skin              |    30 |    79 |   152 |   176 |   266 ||   703
  Dodge: Dodged            |    75 |   134 |   207 |   435 |   615 ||  1466
  Block: Buckler           |       |       |       |       |     3 ||     3

Table legend: (Time is in decaauts)
 A = Elapsed time spent in this place.
 B = Non-inter-level travel time spent in this place.
 C = Inter-level travel time spent in this place.
 D = Time resting spent in this place.
 E = Time spent auto-exploring this place.
 F = Levels seen in this place.
 G = Mean time per level.
                   A        B        C        D        E       F      G
               +--------+--------+--------+--------+--------+-----+--------+
         Total |  27792 |  26785 |   1007 |     12 |  20703 |  22 | 1263.3 |
       Dungeon |  18765 |  17821 |    944 |     12 |  13758 |  15 | 1251.0 |
        Temple |    135 |    116 |     19 |      0 |    102 |   1 |  135.0 |
          Lair |   7134 |   7090 |     44 |      0 |   5516 |   5 | 1426.8 |
      Ice Cave |   1756 |   1756 |      0 |      0 |   1327 |   1 | 1756.0 |
               +--------+--------+--------+--------+--------+-----+--------+

Top non-repeatable levels by time:
  Lair:3: 3307 daAuts
    D:14: 2244 daAuts
    D:13: 2195 daAuts
  Lair:4: 2147 daAuts
    D:11: 1828 daAuts
    D:10: 1815 daAuts
   IceCv: 1756 daAuts
     D:9: 1712 daAuts
     D:8: 1405 daAuts
     D:2: 1290 daAuts
    D:12: 1064 daAuts
     D:7: 1036 daAuts
  Lair:1: 992 daAuts
     D:5: 969 daAuts
     D:3: 941 daAuts
